 Dungeon Crawl Stone Soup version 0.26-a0-466-g989023bd0d (webtiles) character file.

Game seed: 1569370079941246565

5258 Inarius the Covert (level 10, -5/63 HPs)
             Began as a Kobold Wanderer on Aug 14, 2020.
             Was a Priest of Okawaru.
             Slain by a manticore (7 damage)
             ... on level 8 of the Dungeon.
             The game lasted 00:13:42 (11206 turns).

Inarius the Covert (Kobold Wanderer)               Turns: 11206, Time: 00:13:43

Health: -5/63      AC:  7    Str: 12    XL:     10   Next: 93%
Magic:  10/10      EV: 21    Int: 14    God:    Okawaru [***...]
Gold:   395        SH:  0    Dex: 21    Spells: 9/9 levels left

rFire    . . .     SeeInvis .   f - +3 short sword (speed)
rCold    + . .     Faith    .   (shield restricted)
rNeg     . . .     Spirit   .   x - +3 leather armour "Loytel" {*Corrode +Blink rC+ Stlth+}
rPois    .         Reflect  .   (no helmet)
rElec    .         Harm     .   e - scarf {shadows}
rCorr    .                      (no gloves)
MR       .....                  d - +0 pair of boots
Stlth    +++++++...             (no amulet)
HPRegen  0.20/turn              y - +6 ring of dexterity
MPRegen  0.12/turn              i - +4 ring of evasion

@: no status effects
A: small, nightstalker 3
a: Heroism, Renounce Religion, Evoke Blink


You were on level 8 of the Dungeon.
You worshipped Okawaru.
Okawaru was most pleased with you.
You visited 1 branch of the dungeon, and saw 8 of its levels.

You collected 624 gold pieces.
You spent 229 gold pieces at shops.

Inventory:

Hand Weapons
 f - a +3 short sword of speed (weapon)
Missiles
 I - a throwing net (quivered)
Armour
 d - a +0 pair of boots (worn)
 e - a scarf of shadows (worn)
 x - the +3 leather armour "Loytel" (worn) {*Corrode +Blink rC+ Stlth+}
   (You found it on level 4 of the Dungeon)

   It protects you from cold.
   It lets you blink.
   It may corrode you when you take damage.
   It makes you more stealthy.
 B - a +0 cloak
 G - the +2 robe of Entitlement {rElec}
   (You found it on level 7 of the Dungeon)

   It insulates you from electricity.
Jewellery
 i - a +4 ring of evasion (right hand)
 y - a +6 ring of dexterity (left hand)
 D - an uncursed ring of positive energy
Wands
 c - a wand of random effects (28)
 p - a wand of digging (7)
 z - a wand of flame (21)
 E - a wand of polymorph (11)
 F - a wand of acid (7)
Scrolls
 b - 4 scrolls of teleportation
 k - a scroll of fear
 m - 2 scrolls of immolation
 r - 2 scrolls of enchant armour
 t - a scroll of enchant weapon {unknown}
 u - 2 scrolls of blinking {unknown}
 C - a scroll of magic mapping {unknown}
 H - a scroll of identify
Potions
 a - 2 potions of lignification
 g - 3 potions of stabbing {unknown}
 h - 5 potions of curing
 j - a potion of resistance
 l - 5 potions of heal wounds
 n - 2 potions of brilliance {unknown}
 o - a potion of ambrosia
 q - a potion of haste {unknown}
 s - a potion of flight
 v - 3 potions of magic {unknown}
 w - 3 potions of mutation {unknown}
 A - a potion of berserk rage


   Skills:
 + Level 7.2 Fighting
 + Level 11.6 Short Blades
   Level 1.5(1.7) Axes
   Level 1.0(1.4) Polearms
 - Level 1.1 Throwing
 + Level 3.2 Armour
 + Level 4.7 Dodging
 + Level 12.6 Stealth
 + Level 2.8 Evocations


You had 9 spell levels left.
You didn't know any spells.
Your spell library contained the following spells:

 Spells                   Type           Power        Failure   Level
 Beastly Appendage        Tmut           #.....       36%         1
 Corona                   Hex            #......      36%         1
 Ensorcelled Hibernation  Hex/Ice        #.....       50%         2
 Poisonous Vapours        Pois/Air       #.....       50%         2
 Wereblood                Tmut           #.......     50%         2
 Confusing Touch          Hex            #.......     73%         3
 Conjure Flame            Conj/Fire      #.......     73%         3
 Dazzling Flash           Conj/Hex       #.....       73%         3
 Mephitic Cloud           Conj/Pois/Air  #.......     73%         3
 Spider Form              Tmut/Pois      #.........   73%         3
 Tukima's Dance           Hex            #.......     73%         3
 Ice Form                 Ice/Tmut       #.......     98%         4
 Blade Hands              Tmut           #.........   100%        5
 Freezing Cloud           Conj/Ice/Air   #.........   100%        6


Dungeon Overview and Level Annotations

Branches:
Dungeon (8/15)             Temple (0/1) D:6            Lair (0/6) D:8

Altars:
Cheibriados
Fedhas
Kikubaaqudgha
Okawaru
Trog
Xom
Zin
The Shining One

Shops:
D:6 *


Innate Abilities, Weirdness & Mutations

You are small and have problems with some larger weapons.
You are completely attuned to the shadows.


Message History

You are too injured to fight recklessly!
You are too injured to fight recklessly!
You are too injured to fight recklessly!
You are too injured to fight recklessly!
You hit the manticore.
The manticore is severely wounded.
You hit the manticore.
The manticore is severely wounded.
You hit the manticore.
The manticore is severely wounded.
The manticore bites you. The manticore misses you.
The manticore completely misses you.
You hit the manticore.
The manticore is almost dead.
You hit the manticore but do no damage.
The manticore is almost dead.
The manticore bites you!!
* * * LOW HITPOINT WARNING * * *
The manticore claws you!
You die...

## ####### ..
......# ######
#####.#### #..... #
#..... #.#.#### #
#..#### ... ##.#.#
# # #...... ...
.....# # # ##.####
#.###########.## #
# #.#
#H@†..........## #
# #.#
#######.####...####
# #.#
###.>#......... #
#.#####
##.####.#.....## #
#.....#
##...###.##.#..# #
#####.#
##.....##.##.#..##
#### #.#
##..........###'###
...# #.#
#...).......#.....#
##.# #.#
##......)...#.≈.≈.#


You could see a manticore.

Vanquished Creatures
  Pikel (D:3)
  A centaur zombie (D:6)
  A hippogriff (D:3)
  Sigmund (D:5)
  Eustachio (D:5)
  Menkaure (D:4)
  4 orc warriors
  3 ice beasts
  3 sky beasts
  A black bear (D:6)
  7 ogres
  A necrophage (D:7)
  3 centaurs
  4 lemures (D:4)
  2 bullfrogs (D:7)
  A big kobold (D:8)
  Blork the orc (D:5)
  A gnoll sergeant (D:8)
  A scorpion (D:6)
  A killer bee (D:7)
  3 wights (D:8)
  3 howler monkeys
  A bullfrog skeleton (D:8)
  3 hounds
  A centaur skeleton (D:7)
  5 gnoll shamans (D:8)
  2 orc priests
  2 iguanas
  Ijyb (D:4)
  Terence (D:3)
  7 orc wizards
  8 worker ants
  The ghost of Yorgos the Covert, a weakling GnDe (D:7)
  A hound zombie (D:8)
  4 hound skeletons
  11 gnolls (D:8)
  9 adders
  2 shadow imps (D:6)
  A white imp (D:5)
  2 ufetubi
  2 oozes
  An adder zombie (D:8)
  2 adder skeletons (D:4)
  3 worms
  2 dart slugs (D:2)
  4 leopard geckos
  25 orcs
  7 giant cockroaches
  6 goblins
  4 hobgoblins
  7 jackals
  6 quokkas
  10 bats
  7 frilled lizards
  A jackal skeleton (D:4)
  8 kobolds
  11 rats
213 creatures vanquished.

Vanquished Creatures (others)
  4 fungi (D:8)
  2 plants (D:8)
6 creatures vanquished.

Grand Total: 219 creatures vanquished

Notes
Turn   | Place    | Note
-------+----------+-------------------------------------------
     0 | D:1      | Inarius the Kobold Wanderer began the quest for the Orb.
     0 | D:1      | Inarius set off with the following items: a +2 spear, a
                  | scroll of teleportation, a wand of random effects (15), a
                  | +0 robe
     0 | D:1      | Reached XP level 1. HP: 14/14 MP: 1/1
   231 | D:1      | Reached skill level 1 in Short Blades
   231 | D:1      | Reached XP level 2. HP: 20/20 MP: 2/2
   941 | D:1      | Reached XP level 3. HP: 24/24 MP: 3/3
  1276 | D:2      | Reached skill level 2 in Stealth
  1446 | D:2      | Found a glowing golden altar of the Shining One.
  2008 | D:2      | Reached XP level 4. HP: 5/29 MP: 4/4
  2329 | D:2      | Reached skill level 1 in Dodging
  2918 | D:3      | Noticed Terence
  2936 | D:3      | Killed Terence
  2936 | D:3      | Reached skill level 3 in Stealth
  2936 | D:3      | Reached XP level 5. HP: 18/33 MP: 5/5
  3791 | D:3      | Found an ancient bone altar of Kikubaaqudgha.
  4042 | D:4      | Reached skill level 4 in Stealth
  4049 | D:4      | Reached XP level 6. HP: 23/38 MP: 6/6
  4194 | D:4      | Noticed an ogre
  4205 | D:4      | Killed an ogre
  4205 | D:4      | Reached skill level 5 in Stealth
  4335 | D:4      | Found a blossoming altar of Fedhas.
  4456 | D:4      | Got a spiked leather armour
  4470 | D:4      | Identified the +3 leather armour "Loytel" {*Corrode +Blink
                  | rC+ Stlth+} (You found it on level 4 of the Dungeon)
  4550 | D:4      | Noticed Pikel
  4787 | D:4      | Noticed Ijyb
  4800 | D:4      | Paralysed by Ijyb for 5 turns
  4829 | D:4      | Killed Ijyb
  4829 | D:4      | Reached skill level 5 in Short Blades
  4946 | D:4      | Noticed a hippogriff
  5057 | D:3      | Killed a hippogriff
  5057 | D:3      | Reached XP level 7. HP: 41/44 MP: 7/7
  5745 | D:4      | Reached skill level 5 in Fighting
  5745 | D:4      | Reached skill level 6 in Stealth
  5745 | D:4      | Reached XP level 8. HP: 49/49 MP: 8/8
  5755 | D:4      | Noticed Menkaure
  5762 | D:4      | Killed Menkaure
  6262 | D:3      | Killed Pikel
  6262 | D:3      | Reached skill level 7 in Stealth
  6262 | D:3      | Reached XP level 9. HP: 55/55 MP: 9/9
  6291 | D:5      | Entered Level 5 of the Dungeon
  6601 | D:5      | Noticed Eustachio
  6609 | D:5      | Killed Eustachio
  6609 | D:5      | Reached skill level 8 in Stealth
  6619 | D:5      | Noticed Sigmund
  6627 | D:5      | Killed Sigmund
  7180 | D:5      | Noticed Blork the orc
  7183 | D:5      | Killed Blork the orc
  7553 | D:6      | Reached skill level 9 in Stealth
  7670 | D:6      | Found an iron altar of Okawaru.
  7800 | D:6      | Became a worshipper of Warmaster Okawaru
  7829 | D:6      | Found a staircase to the Ecumenical Temple.
  7873 | D:6      | Found Sewnaak's Assorted Antiques.
  7882 | D:6      | Bought a smoky purple potion for 25 gold pieces
  7882 | D:6      | Bought a scroll labeled CEYLYI GESARUUKK for 28 gold pieces
  7882 | D:6      | Bought a metallic silvery potion for 25 gold pieces
  7890 | D:6      | Found a glowing silver altar of Zin.
  7900 | D:6      | Bought a pair of boots for 126 gold pieces
  7905 | D:6      | Bought a fizzy red potion for 25 gold pieces
  7979 | D:6      | Reached skill level 10 in Stealth
  8147 | D:6      | Found a shimmering altar of Xom.
  8181 | D:6      | Found a bloodstained altar of Trog.
  8350 | D:6      | Reached * piety under Okawaru
  8350 | D:6      | Reached skill level 10 in Short Blades
  8350 | D:6      | Reached XP level 10. HP: 55/61 MP: 10/10
  8528 | D:7      | Reached skill level 11 in Stealth
  8892 | D:7      | Found a runed translucent door.
  8895 | D:7      | Noticed Yorgos's ghost (weakling GnDe)
  8907 | D:7      | Killed Yorgos's ghost
  8932 | D:7      | Got a heavily jewelled robe
  8943 | D:7      | Identified the +2 robe of Entitlement {rElec} (You found it
                  | on level 7 of the Dungeon)
  9272 | D:7      | Reached ** piety under Okawaru
  9474 | D:8      | Reached skill level 12 in Stealth
 10940 | D:8      | Reached *** piety under Okawaru
 11161 | D:8      | Found a snail-covered altar of Cheibriados.
 11182 | D:8      | Found a staircase to the Lair.
 11185 | D:8      | Noticed a manticore
 11206 | D:8      | HP: 2/63 [manticore (20)]
 11206 | D:8      | Slain by a manticore

Illustrated notes

Levels and vault maps discovered:
D:1:      eino_arrival_tree_alley, layout_basic, minmay_misc_feat_plants
D:2:      minmay_skewed_foursquare, layout_basic,
          nicolae_overflow_crystal_walls, minivault_5, columned_hall_lemuel,
          st_stairs_1
D:3:      layout_basic, kiku_gazebo_garden_becter, uniq_terence
D:4:      layout_loops_cross, overflow_temple_1_default, serial_park_tiny_1,
          minmay_three_crescents, uniq_menkaure, uniq_ijyb, uniq_pikel
D:5:      layout_basic, uniq_eustachio, uniq_blork_the_orc, uniq_sigmund
D:6:      layout_basic, xom_butterflies, lemuel_coloured_pillars_altar,
          overflow_temple_1_default, overflow_temple_1_default,
          minmay_temple_entry_arrows, serial_shops, nicolae_shop_trees
D:7:      kennysheep_six_static_rooms, layout_loops_ring,
          ebering_ghost_inner_flame
D:8:      kennysheep_seaside_town, layout_loops_ring, kennysheep_little_box,
          lair_entry_dummy

Skill      XL: |  1  2  3  4  5  6  7  8  9 10 |
---------------+-------------------------------+-----
Short Blades   | 1 2 3 4 5 6 8 10 11 | 11.6
Fighting       | 4 5 6 7 |  7.2
Stealth        | 2 3 4 5 6 7 10 12 | 12.6
Dodging        | 1 2 3 4 |  4.7
Armour         | 2 3 |  3.2
Evocations     | 2 |  2.8
Axes           | |  1.5
Polearms       | |  1.0
Throwing       | |  1.1

Action                   |  1- 3 |  4- 6 |  7- 9 | 10-12 || total
-------------------------+-------+-------+-------+-------++-------
Melee: Short sword       |   115 |   177 |   209 |   352 ||   853
Throw: Throwing net      |       |     1 |       |       ||     1
Evoke: Wand              |       |     2 |     8 |     5 ||    15
  Use: Scroll            |       |     3 |     5 |     3 ||    11
       Potion            |       |       |     3 |       ||     3
 Stab: Sleeping          |    10 |    18 |    32 |    29 ||    89
       Held in net/web   |       |     2 |       |       ||     2
       Distracted        |       |       |     3 |     2 ||     5
Armor: Robe              |    17 |     2 |       |       ||    19
       Leather armour    |       |     7 |     7 |    10 ||    24
Dodge: Dodged            |    74 |    79 |    73 |   139 ||   365

Table legend: (Time is in decaauts)
 A = Elapsed time spent in this place.
 B = Non-inter-level travel time spent in this place.
 C = Inter-level travel time spent in this place.
 D = Time resting spent in this place.
 E = Time spent auto-exploring this place.
 F = Levels seen in this place.
 G = Mean time per level.
                   A        B        C        D        E       F      G
               +--------+--------+--------+--------+--------+-----+--------+
         Total |  10791 |  10396 |    395 |   1976 |   6903 |   8 | 1348.9 |
       Dungeon |  10791 |  10396 |    395 |   1976 |   6903 |   8 | 1348.9 |
               +--------+--------+--------+--------+--------+-----+--------+

Top non-repeatable levels by time:
     D:4: 2007 daAuts
     D:2: 1706 daAuts
     D:8: 1632 daAuts
     D:3: 1316 daAuts
     D:5: 1243 daAuts
     D:1: 1121 daAuts
     D:7: 941 daAuts
     D:6: 822 daAuts
